 Dungeon Crawl Stone Soup version 0.26-a0-651-gb41185065b (webtiles) character file.

Game seed: 8117430213787377394

56 Lanoc the Slasher (level 3, -3/20 HPs)
             Began as a Vine Stalker Monk on Oct 21, 2020.
             Slain by a gnoll
             ... wielding a +0 halberd
              (4 damage)
             ... on level 3 of the Dungeon.
             The game lasted 00:01:10 (1456 turns).

Lanoc the Slasher (Vine Stalker Monk)               Turns: 1456, Time: 00:01:11

Health: -3/20      AC:  2    Str: 13    XL:     3   Next: 97%
Magic:  0/4        EV: 13    Int: 10    God:
Gold:   65         SH:  0    Dex: 17    Spells: 2/2 levels left

rFire    . . .     SeeInvis .   a - +0 falchion
rCold    . . .     Faith    .   (no shield)
rNeg     . . .     Spirit   +   b - +0 robe
rPois    .         Reflect  .   (no helmet)
rElec    .         Harm     .   (no cloak)
rCorr    .         Rampage  .   (no gloves)
MR       .....                  (no boots)
Stlth    ++........             (no amulet)
HPRegen  0.06/turn              (no ring)
MPRegen  0.09/turn              (no ring)

@: no status effects
A: fangs 2, magic shield, antimagic bite, no potion heal 3, rot immunity
a: no special abilities


You were on level 3 of the Dungeon.
You visited 1 branch of the dungeon, and saw 3 of its levels.

You collected 65 gold pieces.

Inventory:

Hand Weapons
 a - a +0 falchion (weapon)
Armour
 b - a +0 robe (worn)
Scrolls
 c - a scroll of amnesia {unknown}
 d - a scroll of teleportation {unknown}
 e - a scroll of random uselessness {unknown}
 g - a scroll of blinking {unknown}
 h - a scroll of enchant weapon {unknown}
Potions
 f - a potion of magic {unknown}


   Skills:
 + Level 3.1 Fighting
 * Level 3.6 Long Blades
 + Level 2.8 Dodging
 - Level 2.4 Stealth


You had 2 spell levels left.
You didn't know any spells.
Your spell library was empty.

Dungeon Overview and Level Annotations

Branches:
Dungeon (3/15)

Altars:
Dithmenos
Okawaru
Qazlal


Innate Abilities, Weirdness & Mutations

You have extremely sharp teeth.
When hurt, damage is shared between your health and your magic reserves.
Your bite disrupts and absorbs the magic of your enemies.
Potions cannot restore your health.
You are immune to rotting.


Message History

You hit the gnoll. Your bite misses the gnoll.
The gnoll is moderately wounded.
The gnoll hits you but does no damage. The gnoll barely misses you.
You hit the gnoll. You bite the gnoll. You drain its power.
You feel invigorated.
The gnoll is heavily wounded.
The gnoll misses you.
You closely miss the gnoll. Your bite misses the gnoll.
The gnoll is heavily wounded.
The gnoll closely misses you. The gnoll hits you.
* * * LOW HITPOINT WARNING * * *
You hit the gnoll but do no damage.
The gnoll is heavily wounded.
The gnoll barely misses you. The gnoll hits you!
* * * LOW HITPOINT WARNING * * *
You hit the gnoll.
You kill the gnoll!
The gnoll barely misses you. The gnoll hits you with a +0 halberd.
You die...

###
#<#
#@#
#g#
..#
####


You could see a gnoll.

Vanquished Creatures
  3 gnolls (D:3)
  2 oozes (D:2)
  A leopard gecko (D:2)
  3 hobgoblins
  6 kobolds
  A bat (D:2)
  6 rats
22 creatures vanquished.

Notes
Turn   | Place    | Note
-------+----------+-------------------------------------------
     0 | D:1      | Lanoc the Vine Stalker Monk began the quest for the Orb.
     0 | D:1      | Reached XP level 1. HP: 11/11 MP: 2/2
     2 | D:1      | Noticed a halfling
     2 | D:1      | Noticed a troll
     4 | D:1      | Noticed an elf
     6 | D:1      | Noticed a demigod
     6 | D:1      | Noticed a minotaur
     8 | D:1      | Noticed a spriggan
     8 | D:1      | Noticed a ghoul
    10 | D:1      | Noticed a draconian
    10 | D:1      | Noticed an ogre
    12 | D:1      | Noticed a tengu
    12 | D:1      | Noticed a formicid
    14 | D:1      | Noticed a naga
    14 | D:1      | Noticed a vampire
    16 | D:1      | Noticed a gargoyle
    18 | D:1      | Noticed a demonspawn
    18 | D:1      | Noticed a human
    20 | D:1      | Noticed a dwarf
    20 | D:1      | Noticed a centaur
    24 | D:1      | Noticed an octopode
    24 | D:1      | Noticed a felid
    26 | D:1      | Noticed a merfolk
    26 | D:1      | Noticed a vine stalker
   320 | D:2      | Reached XP level 2. HP: 15/16 MP: 3/3
   523 | D:2      | Found a shadowy altar of Dithmenos.
   558 | D:2      | Found a stormy altar of Qazlal.
   762 | D:2      | Found an iron altar of Okawaru.
   841 | D:2      | Reached XP level 3. HP: 19/20 MP: 4/4
  1454 | D:3      | HP: 1/20 [gnoll (5)]
  1456 | D:3      | Slain by a gnoll

Illustrated notes

Levels and vault maps discovered:
D:1:      kb_arrival_jail, layout_basic
D:2:      layout_basic, okawaru_trees_2, grunt_dithmenos_smoke_and_mirrors,
          nicolae_overflow_crystal_walls, grunt_decor_cap, minmay_tetromino_s2
D:3:      layout_basic, gammafunk_temple_overflow_statue, serial_glass,
          glass_columns_c, glass_columns_c, uniq_natasha

Skill      XL: |  1  2 |
---------------+-------+-----
Long Blades    | 3 |  3.6
Fighting       | 3 |  3.1
Dodging        | |  2.8
Stealth        | |  2.4

Action                   || total
-------------------------++-------
Melee: Falchion          ||    55
       Bite              ||    15
 Stab: Sleeping          ||     1
Armor: Robe              ||     3
Dodge: Dodged            ||    39
       Rpst.: Falchion   ||    12

Table legend: (Time is in decaauts)
 A = Elapsed time spent in this place.
 B = Non-inter-level travel time spent in this place.
 C = Inter-level travel time spent in this place.
 D = Time resting spent in this place.
 E = Time spent auto-exploring this place.
 F = Levels seen in this place.
 G = Mean time per level.
                   A        B        C        D        E       F      G
               +--------+--------+--------+--------+--------+-----+--------+
         Total |   1465 |   1456 |      9 |    564 |    739 |   3 |  488.3 |
       Dungeon |   1465 |   1456 |      9 |    564 |    739 |   3 |  488.3 |
               +--------+--------+--------+--------+--------+-----+--------+

Top non-repeatable levels by time:
     D:3: 587 daAuts
     D:2: 575 daAuts
     D:1: 302 daAuts
